 Dungeon Crawl Stone Soup version 0.27.0-1-g7a089689b8 (webtiles) character file.

Game seed: 13768441005357142835

1397 SnakkuSnakku7 the Chopper (level 8, -1/46 HPs)
             Began as a Gargoyle Enchanter on Aug 15, 2021.
             Slain by a vampire mosquito (9 damage)
             ... on level 5 of the Dungeon.
             The game lasted 00:10:15 (7217 turns).

SnakkuSnakku7 the Chopper (Gargoyle Enchanter)      Turns: 7217, Time: 00:10:16

Health: -1/46      AC: 14    Str: 15    XL:     8   Next: 69%
Magic:  0/11       EV:  9    Int: 15    God:
Gold:   123        SH:  0    Dex: 10    Spells: 10/11 levels left

rFire    . . .     SeeInvis .   a - +0 war axe
rCold    . . .     Faith    .   (no shield)
rNeg     + . .     Spirit   +   v - +0 scale mail
rPois    ∞         Reflect  .   (no helmet)
rElec    +         Harm     .   b - +1 cloak
rCorr    .         Rampage  .   o - +0 pair of gloves
Will     .....                  (no boots)
Stlth    +.........             j - amulet of guardian spirit
HPRegen  0.15/turn              (no ring)
MPRegen  0.12/turn              (no ring)

@: no status effects
A: sickness immunity, AC +5, negative energy resistance 1, electricity
resistance, torment resistance 1, petrification resistance
a: no special abilities


You were on level 5 of the Dungeon.
You visited 1 branch of the dungeon, and saw 5 of its levels.
You also visited: Sewer.

You collected 207 gold pieces.
You spent 84 gold pieces at shops.

Inventory:

Hand Weapons
 a - a +0 war axe (weapon)
 e - a +0 short sword
 l - a +1 dagger
Missiles
 c - a boomerang of dispersal
 m - 18 poisoned darts (quivered)
Armour
 b - a +1 cloak (worn)
 o - a +0 pair of gloves (worn)
 v - a +0 scale mail (worn)
Jewellery
 j - an amulet of guardian spirit (around neck)
 z - a ring of fire
Scrolls
 g - a scroll of amnesia {unknown}
 h - a scroll of blinking {unknown}
 k - 2 scrolls of identify {unknown}
 p - 2 scrolls of immolation {unknown}
 q - a scroll of magic mapping {unknown}
 u - a scroll of brand weapon {unknown}
 y - a scroll of holy word {unknown}
Potions
 d - 2 potions of ambrosia {unknown}
 f - a potion of curing
 i - a potion of flight
 n - a potion of attraction {unknown}
 t - a potion of degeneration {unknown}
 w - a potion of mutation {unknown}
 x - a potion of haste {unknown}
Miscellaneous
 s - a phantom mirror (inert)


   Skills:
 - Level 3.1 Fighting
 - Level 0.8 Short Blades
 + Level 7.3 Axes
 - Level 5.0 Throwing
 - Level 1.5 Dodging
 - Level 3.2 Stealth
 - Level 2.0 Spellcasting
 - Level 2.6 Hexes


You had 10 spell levels left.
You knew the following spells:

 Your Spells              Type           Power      Damage    Failure   Level
a - Corona                Hex            10%        N/A       30%         1

Your spell library contained the following spells:

 Spells                   Type           Power      Damage    Failure   Level
 Ensorcelled Hibernation  Hex/Ice        10%        N/A       63%         2
 Confusing Touch          Hex            9%         N/A       67%         3
 Tukima's Dance           Hex            9%         N/A       67%         3
 Dazzling Flash           Conj/Hex       10%        N/A       85%         3


Dungeon Overview and Level Annotations

Branches:
Dungeon (5/15)              Sewer (visited)
 Temple: D:4-7

Altars:

Shops:
D:1 *   D:3 :   D:4 [


Innate Abilities, Weirdness & Mutations

You are immune to sickness and miasma.
Your stone body is resilient. (AC +5)
You are immune to poison.
You resist negative energy. (rN+)
You are resistant to electric shocks. (rElec)
You are resistant to unholy torment.
You are immune to petrification.


Message History

The vampire mosquito bites you but does no damage.
You slash the vampire mosquito!
The vampire mosquito is severely damaged.
The vampire mosquito closely misses you. x2
You closely miss the vampire mosquito.
The vampire mosquito is severely damaged.
The vampire mosquito closely misses you.
The vampire mosquito bites you!
You are too injured to fight recklessly!
You are too injured to fight recklessly!
You are too injured to fight recklessly!
You are too injured to fight recklessly!
You closely miss the vampire mosquito.
The vampire mosquito is severely damaged.
The vampire mosquito bites you but does no damage. x2
The vampire mosquito bites you!
You hit the vampire mosquito.
The vampire mosquito is almost destroyed.
The vampire mosquito bites you but does no damage.
The vampire mosquito closely misses you.
Your scale mail prevents you from hitting the vampire mosquito.
The vampire mosquito is almost destroyed.
The vampire mosquito barely misses you. The vampire mosquito bites you!
* * * LOW HITPOINT WARNING * * *
You closely miss the vampire mosquito.
The vampire mosquito is almost destroyed.
The vampire mosquito closely misses you.
The vampire mosquito bites you.
* * * LOW HITPOINT WARNING * * *
You feel better.
The vampire mosquito closely misses you.
The vampire mosquito bites you!
* * * LOW HITPOINT WARNING * * *
You hit the vampire mosquito but do no damage.
The vampire mosquito is almost destroyed.
The vampire mosquito bites you but does no damage. x2
You barely miss the vampire mosquito.
The vampire mosquito is almost destroyed.
The vampire mosquito barely misses you. The vampire mosquito bites you!
You die...

......# #......# #.####.##
####.....###.#.######.##....#
....................#.##.##.#
....y......#.#)##.###.##.##.#
#+##.###.#.#.#.##.# #.##.##.#
.....###.....#.##.###.##.##.#####
..............y..................
....######.###.##.###.##.##.##...
.... #.....#@y# #.##.##.##...
.... #.######## #.##o##..#...
.... #... ..##.###.#... .... #.##
####.o.o..... .... #. #####..#'#
#. #..#.# #. #.o#.# #..#.# #
#....#


You could see a vampire mosquito.

Vanquished Creatures
  2 vampire mosquitoes (D:4)
  A water moccasin (D:4)
  An ice beast (D:5)
  An ogre (D:4)
  2 centaurs
  2 bullfrogs (Sewer)
  A water moccasin zombie (D:5)
  2 orc priests
  A hound (D:5)
  7 gnolls
  A howler monkey skeleton (D:4)
  12 adders
  2 river rats (D:4)
  An ufetubus (D:4)
  3 worms
  5 dart slugs
  8 orcs
  3 bats
  3 endoplasms
  6 giant cockroaches
  6 goblins
  5 hobgoblins
  9 jackals (D:3)
  8 kobolds
  9 quokkas
  12 ball pythons
  18 frilled lizards
  9 rats
140 creatures vanquished.

Vanquished Creatures (collateral kills)
  A vampire mosquito (D:4)
1 creature vanquished.

Vanquished Creatures (others)
  A plant (D:1)
1 creature vanquished.

Grand Total: 142 creatures vanquished

Notes
Turn   | Place    | Note
-------+----------+-------------------------------------------
     0 | D:1      | SnakkuSnakku7 the Gargoyle Enchanter began the quest for
                  | the Orb.
     0 | D:1      | Reached XP level 1. HP: 10/10 MP: 3/3
   196 | D:1      | Reached skill level 1 in Fighting
   410 | D:1      | Reached XP level 2. HP: 17/17 MP: 5/5
   485 | D:1      | Found a faded altar of an unknown god.
   726 | D:1      | Found Mafaanwo's General Store.
   981 | D:1      | Reached XP level 3. HP: 22/22 MP: 6/6
  1577 | D:2      | Reached skill level 1 in Axes
  1700 | D:2      | HP: 1/22 [worm (6)]
  2241 | D:1      | Bought a +0 war axe for 45 gold pieces
  2646 | D:1      | Reached XP level 4. HP: 28/28 MP: 7/7
  2731 | D:1      | Reached skill level 1 in Throwing
  2839 | D:1      | Bought a scroll of teleportation for 39 gold pieces
  3016 | D:2      | Reached skill level 2 in Axes
  3147 | D:3      | Reached XP level 5. HP: 21/32 MP: 6/8
  3162 | D:3      | Found Emoc's Book Boutique.
  3456 | D:3      | Noticed a centaur
  3483 | D:3      | Killed a centaur
  3484 | D:3      | Reached skill level 3 in Axes
  3484 | D:3      | Reached XP level 6. HP: 22/37 MP: 2/9
  4076 | D:4      | Found a glowing drain.
  4133 | Sewer    | Entered a sewer
  4357 | Sewer    | Reached skill level 4 in Axes
  4357 | Sewer    | Reached XP level 7. HP: 20/41 MP: 4/10
  4676 | D:4      | Found Liostececs's Antique Armour Shoppe.
  5422 | D:5      | Entered Level 5 of the Dungeon
  5480 | D:5      | Reached skill level 5 in Axes
  6252 | D:5      | Reached skill level 5 in Throwing
  6252 | D:5      | Reached XP level 8. HP: 42/46 MP: 9/11
  6703 | D:5      | Reached skill level 6 in Axes
  6923 | D:4      | Reached skill level 7 in Axes
  7217 | D:5      | Slain by a vampire mosquito

Illustrated notes

Levels and vault maps discovered:
D:1:      dpeg_arrival_orchard, layout_basic, serial_shops, shop,
          basic_ecumenical_altar, minmay_lizard_pond
D:2:      layout_basic, small_statue_intersection
D:3:      minmay_diamond_boxcup, layout_loops_ring, serial_shops,
          nicolae_diamond_shop, minmay_misc_feat_diagonals
D:4:      layout_gridville, serial_shops, kennysheep_little_box,
          lightli_sewer_entry_pipes
D:5:      layout_basic, gammafunk_temple_overflow_pools, lemuel_round_altar

Skill      XL: |  1  2  3  4  5  6  7  8 |
---------------+-------------------------+-----
Fighting       | 1 2 3 |  3.1
Axes           | 1 2 3 4 5 7 |  7.3
Throwing       | 1 2 3 5 |  5.0
Short Blades   | |  0.8
Dodging        | |  1.5
Stealth        | |  3.2
Spellcasting   | |  2.0
Hexes          | |  2.6

Action                   |  1- 3 |  4- 6 |  7- 9 || total
-------------------------+-------+-------+-------++-------
Melee: Short sword       |   132 |       |       ||   132
       Dagger            |     6 |       |       ||     6
       War axe           |    17 |   250 |   201 ||   468
Throw: Boomerang         |     3 |       |       ||     3
       Dart              |     8 |     6 |     8 ||    22
 Cast: Corona            |     8 |       |       ||     8
Evoke: Phantom mirror    |       |       |     2 ||     2
  Use: Potion            |       |     3 |     2 ||     5
       Scroll            |       |     1 |       ||     1
 Stab: Sleeping          |     5 |     3 |       ||     8
       Distracted        |     1 |       |       ||     1
Armor: Robe              |    69 |   150 |       ||   219
       Scale mail        |       |       |   188 ||   188
Dodge: Dodged            |    98 |   238 |   168 ||   504
